 Dungeon Crawl Stone Soup version 0.26.1-2-gb8aa6d0cf2 (webtiles) character file.

Game seed: 12412801726477077405

241 sking99 the Ruffian (level 5, 0/44 HPs)
             Began as a Draconian Transmuter on Feb 18, 2021.
             Succumbed to a scorpion's poison
             ... in an ossuary.
             The game lasted 00:09:24 (3664 turns).

sking99 the Ruffian (Draconian Transmuter)          Turns: 3664, Time: 00:09:24

Health: 0/44       AC:  7    Str: 10 (13) XL:     5   Next: 80%
Magic:  6/8        EV: 11    Int: 12 (14) God:
Gold:   154        SH:  3    Dex:  8 (11) Spells: 5/8 levels left

rFire    . . .     SeeInvis .     - Unarmed
rCold    . . .     Faith    .   f - +0 buckler
rNeg     . . .     Spirit   .   (armour unavailable)
rPois    .         Reflect  .   (helmet currently unavailable)
rElec    .         Harm     .   n - +0 cloak {Stlth+}
rCorr    .         Rampage  .   m - +0 pair of gloves
Will     .....                  (boots currently unavailable)
Stlth    +.........             (no amulet)
HPRegen  0.14/turn              (no ring)
MPRegen  0.11/turn              (no ring)

@: lethally poisoned (0 -> -6), appendages (expiring), wereblooded
A: unfitting armour, horns 2, talons 2, cold-blooded, AC +5
a: End Transformation


You were in an ossuary.
You had grown temporary horns.
You had grown temporary talons.
You visited 1 branch of the dungeon, and saw 4 of its levels.
You also visited: Ossuary.

You collected 154 gold pieces.

Inventory:

Armour
 f - a +0 buckler (worn)
 m - a +0 pair of gloves (worn)
 n - a +0 cloak of stealth (worn)
Jewellery
 p - an uncursed ring of ice
Scrolls
 a - 2 scrolls of remove curse
 b - 2 scrolls of teleportation
 j - a scroll of magic mapping
 k - a scroll of enchant weapon
Potions
 c - 2 potions of mutation
 d - 2 potions of flight
 e - a potion of attraction {unknown}
 g - a potion of degeneration
 h - 2 potions of magic {unknown}
 o - a potion of brilliance {unknown}
 q - a potion of lignification {unknown}


   Skills:
 + Level 2.9 Fighting
 - Level 2.0 Dodging
 + Level 2.0 Shields
 * Level 4.7 Unarmed Combat
 - Level 2.0 Spellcasting
 + Level 3.2 Transmutations


You had 5 spell levels left.
You knew the following spells:

 Your Spells              Type           Power        Failure   Level
a - Beastly Appendage     Tmut           16%          10%         1
b - Wereblood             Tmut           8%           14%         2

Your spell library contained the following spells:

 Spells                   Type           Power        Failure   Level
 Spider Form              Tmut/Pois      2%           47%         3
 Ice Form                 Ice/Tmut       5%           87%         4
 Blade Hands              Tmut           4%           95%         5


Dungeon Overview and Level Annotations

Branches:
Dungeon (4/15)             Temple (0/1) D:4         Ossuary (1/1)

Altars:

Annotations:
D:2 Natasha


Innate Abilities, Weirdness & Mutations

Your plain brown scales are hard. (AC +5)
You cannot fit into any form of body armour.
You are cold-blooded and may be slowed by cold attacks.
You have a pair of horns on your head.
You have razor-sharp toenails.


Message History

The centaur zombie hits you but does no damage.
You block the scorpion zombie's attack.
You hit the scorpion.
You tail-slap the scorpion, but do no damage.
The scorpion is heavily wounded.
The centaur zombie hits you.
* * * LOW HITPOINT WARNING * * *
The scorpion barely misses you.
You hit the scorpion.
The scorpion is heavily wounded.
You feel sick. The centaur zombie hits you.
* * * LOW HITPOINT WARNING * * *
The scorpion zombie hits you.
* * * LOW HITPOINT WARNING * * *
You block the scorpion's attack.
It was a potion of degeneration.
There was something very wrong with that liquid.
You feel weakened.
You feel dopey.
You feel clumsy.
You howl as the wereblood boils in your veins!
You die...

######### #...#...
#...8... #.......
##8...8##############
#.......#...#...#...#
#...8sZZ#...8...'.∩.#
#.@.#.....†.#...#
######'###8...8###'##
#..M#^^^#.......#...#
+!.!#^^^'...8...#.∩.#
#?!!#^^^#...#...#...#
#####################


You could see a scorpion, a scorpion zombie and a centaur zombie.

Vanquished Creatures
  A scorpion (Ossuary)
  A human zombie (Ossuary)
  Crazy Yiuf (D:2)
  Natasha (twice) (D:2)
  A mummy (D:4)
  An adder (D:3)
  A scorpion zombie (Ossuary)
  An ufetubus (D:3)
  A worm (D:3)
  3 dart slugs
  A leopard gecko (D:3)
  An orc (D:3)
  A ball python (D:3)
  2 bats
  2 giant cockroaches (D:1)
  6 goblins
  3 hobgoblins
  2 jackals (D:3)
  6 kobolds
  7 frilled lizards
  4 rats
48 creatures vanquished.

Notes
Turn   | Place    | Note
-------+----------+-------------------------------------------
     0 | D:1      | sking99 the Draconian Transmuter began the quest for the
                  | Orb.
     0 | D:1      | Reached XP level 1. HP: 16/16 MP: 3/3
   128 | D:1      | Reached XP level 2. HP: 23/23 MP: 3/5
   780 | D:1      | Learned a level 2 spell: Wereblood
  1486 | D:2      | Noticed Natasha
  1487 | D:2      | Noticed a crimson imp
  1491 | D:2      | Noticed a crimson imp
  1494 | D:2      | Killed Natasha
  1495 | D:2      | Reached XP level 3. HP: 21/29 MP: 4/6
  1692 | D:2      | Noticed Natasha
  1706 | D:2      | Killed Natasha
  1707 | D:2      | Reached skill level 1 in Shields
  1707 | D:2      | Reached XP level 4. HP: 15/36 MP: 7/7
  1803 | D:2      | Noticed Natasha
  2080 | D:2      | Found a runed translucent door.
  2081 | D:2      | Noticed Crazy Yiuf
  2232 | D:2      | Killed Crazy Yiuf
  2233 | D:2      | Reached skill level 4 in Unarmed Combat
  2882 | D:3      | Reached XP level 5. HP: 42/42 MP: 8/8
  3184 | D:4      | Found a sand-covered staircase.
  3199 | D:4      | HP: 2/42 [mummy (12)]
  3212 | Ossuary  | Entered an ossuary
  3663 | Ossuary  | HP: 1/44 [scorpion zombie (6)]
  3664 | Ossuary  | Succumbed to a scorpion's poison

Illustrated notes

Levels and vault maps discovered:
D:1:      heliophobic_arrival_battle_scene, layout_basic, minmay_misc_feat_tiny
D:2:      layout_basic, chequers_arboretum, uniq_crazy_yiuf_cottage,
          uniq_natasha
D:3:      layout_rooms
D:4:      layout_basic, lemuel_doored_altar, minmay_temple_entry_large_hall,
          gup_ossuary_entry_pyramid
Ossuary:  ossuary_minmay_scorpions

Skill      XL: |  1  2  3  4  5 |
---------------+----------------+-----
Dodging        | 2 |  2.0
Fighting       | 2 |  2.9
Shields        | 1 2 |  2.0
Unarmed Combat | 4 |  4.7
Transmutations | 3 |  3.2
Spellcasting   | |  2.0

Action                   |  1- 3 |  4- 6 || total
-------------------------+-------+-------++-------
Melee: Unarmed           |    71 |   130 ||   201
       Tailslap          |     8 |    15 ||    23
       Headbutt          |     3 |     8 ||    11
       Kick              |     1 |    16 ||    17
       Punch             |     1 |       ||     1
 Cast: Beastly Appendage |     7 |    11 ||    18
       Wereblood         |       |     2 ||     2
  Use: Scroll            |       |     7 ||     7
       Potion            |       |     1 ||     1
 Stab: Invisible         |       |     1 ||     1
Armor: Skin              |    13 |    34 ||    47
Dodge: Dodged            |    39 |    57 ||    96
Block: Buckler           |    11 |    24 ||    35
